 Dungeon Crawl Stone Soup version 0.17-a0-2208-ge5ab1d3 (webtiles) character file.

585 M4edhros the Covert (level 7, 0/43 HPs)
             Began as an Octopode Artificer on Oct 26, 2015.
             Slain by a wraith (8 damage)
             ... in an ossuary.
             The game lasted 00:05:45 (1883 turns).

M4edhros the Covert (Octopode Artificer)            Turns: 1883, Time: 00:05:45

Health: 0/43       AC:  1    Str: 10    XL:     7   Next: 37%
Magic:  12/12      EV: 12    Int: 20    God:
Gold:   154        SH:  4    Dex: 19    Spells: 0 memorised, 6 levels left

rFire  + . .     SeeInvis .     D - +6 flail "Qaklib" {crush, *Corrode rF+ Stlth+}
rCold  . . .     Clarity  .     C - +0 buckler
rNeg   . . .     SustAt   +     (helmet restricted)
rPois  .         Gourm    .     v - amulet of faith
rElec  .         Spirit   .     q - ring of sustain attributes
rCorr  .         Warding  .     m - +5 ring of dexterity
rMut   .         Stasis   .     t - +5 ring of intelligence
MR     .....                    (no ring)
Stlth  +++++++...               (no ring)
                                (no ring)
                                (no ring)
                                (no ring)

@: slowed, very slow, not resistant to hostile enchantments, extremely stealthy
A: almost no armour, amphibious, 8 rings, constrict 8, camouflage 1, gelatinous
body 1
a: no special abilities


You were in an ossuary.
You were very hungry.

You visited 1 branch of the dungeon, and saw 5 of its levels.
You also visited: Ossuary.

You collected 154 gold pieces.

Inventory:

Hand Weapons
 a - a +0 short sword
 x - a +0 rapier
 D - the +6 flail "Qaklib" (weapon) {crush, *Corrode rF+ Stlth+}
   (You found it on level 5 of the Dungeon)

   It inflicts extra damage upon your enemies.
   It protects you from fire.
   It may corrode your equipment when you take damage.
   It makes you more stealthy.
Armour
 C - a +0 buckler (worn)
Jewellery
 m - a +5 ring of dexterity (right tentacle)
 q - a ring of sustain attributes (left tentacle)
 t - a +5 ring of intelligence (on tentacle)
 v - an amulet of faith (around mantle)
Wands
 b - a wand of flame (0)
 c - a wand of enslavement (3)
 d - a wand of random effects (1)
Scrolls
 i - 3 scrolls of identify {unknown}
 l - 2 scrolls of teleportation {unknown}
 n - 3 scrolls of remove curse {unknown}
 o - a scroll of recharging {unknown}
 u - 2 scrolls of enchant weapon {unknown}
 y - a scroll of enchant armour {unknown}
 B - a scroll of fear {unknown}
 F - a scroll of immolation {unknown}
Potions
 g - a potion of might {unknown}
 j - 2 potions of flight {unknown}
 k - a potion of cancellation {unknown}
 p - 3 potions of curing {unknown}
 r - a potion of haste {unknown}
 s - a potion of agility {unknown}
 w - a potion of mutation {unknown}
 A - 2 potions of brilliance {unknown}
 E - a potion of magic {unknown}
 G - a potion of poison {unknown}
 H - a potion of berserk rage {unknown}
 I - a potion of degeneration {unknown}
Books
 z - a book of Minor Magic

   Spells                             Type                      Level
   a - Magic Dart                     Conjuration                  1
   b - Blink                          Translocation                2
   c - Call Imp                       Summoning                    2
   d - Repel Missiles                 Charms/Air                   2
   e - Slow                           Hexes                        2
   f - Conjure Flame                  Conjuration/Fire             3
   g - Mephitic Cloud                 Conjuration/Poison/Air       3
Comestibles
 e - 3 bread rations
 f - 3 meat rations
 h - a beef jerky


   Skills:
 - Level 1.0 Fighting
 - Level 1.0 Short Blades
 - Level 2.0 Dodging
 + Level 8.0 Stealth
 + Level 6.7 Evocations


You had 6 spell levels left.
You didn't know any spells.

Dungeon Overview and Level Annotations

Branches:
Dungeon (5/15)
 Temple: D:4-7

Altars:
Dithmenos
Zin


Innate Abilities, Weirdness & Mutations

You cannot wear most types of armour.
You are amphibious.
You can wear up to eight rings at the same time.
You can use your tentacles to constrict eight enemies at once.
Your skin changes colour to match your surroundings (Stealth).
Your rubbery body absorbs attacks (AC +1).


Message History

The puff of frost hits the wraith.
The wraith appears unharmed.
The wraith is heavily damaged.
This wand has 2 charges left.
You block the wraith's attack. 2 skeletons come into view.
Evoke which item? (* to show all) (? for menu, Esc to quit)
Zapping:
d - a wand of random effects (2)
Press: ? - help, Shift-Dir - straight line, f/p - wraith
Aim: a wraith (heavily damaged, fast)
The wraith easily resists.
This wand has 1 charge left.
The wraith misses you. The wraith hits you!
* * * LOW HITPOINT WARNING * * *
The wraith drains your vigour!
You feel yourself slow down.
* * * LOW HITPOINT WARNING * * *
Evoke which item? (* to show all) (? for menu, Esc to quit)
Zapping:
c - a wand of enslavement (4)
Press: ? - help, Shift-Dir - straight line, f/p - wraith
Aim: a wraith (heavily damaged, fast, chance to defeat MR: 26%)
The wraith easily resists.
This wand has 3 charges left.
You block the wraith's attack. The wraith hits you!
You die...

##################
#.................
#.∩...............
#.......#####+####
#@.....##.........
#.W...##...##'##..
#....##...##...##.
#....#...##..W..##
#....'.. #.......#
#....#...##.....##
#Z..Z##...##...##.
#.....##...#####..
...##.........


You could see a wraith, a gnoll skeleton and a kobold skeleton.

Vanquished Creatures
  Eustachio (D:4)
  Menkaure (D:5)
  A phantom (D:5)
  A giant frog skeleton (D:3)
  Ijyb (D:3)
  2 orc wizards
  Terence (D:3)
  A mummy (Ossuary)
  3 adders
  2 oozes (D:1)
  A worm (D:4)
  2 giant geckos (D:2)
  3 orcs (D:4)
  3 bats (D:1)
  3 hobgoblins
  3 kobolds
  A quokka (D:3)
  2 gnoll skeletons (Ossuary)
  5 goblins
  5 kobold skeletons (Ossuary)
  6 orc skeletons (Ossuary)
  3 rats
51 creatures vanquished.

Vanquished Creatures (collateral kills)
  An orc priest (D:5)
  An orc wizard (D:5)
  A worm (D:3)
  An orc (D:5)
  A giant cockroach (D:3)
  A giant cockroach zombie (D:5)
  2 rats (D:3)
8 creatures vanquished.

Grand Total: 59 creatures vanquished

Notes
Turn   | Place    | Note
--------------------------------------------------------------
     0 | D:1      | M4edhros the Octopode Artificer began the quest for the Orb.
     0 | D:1      | Reached XP level 1. HP: 13/13 MP: 3/3
   133 | D:1      | Reached XP level 2. HP: 18/18 MP: 4/4
   339 | D:2      | Reached XP level 3. HP: 19/23 MP: 5/5
   396 | D:2      | Reached skill level 4 in Evocations
   459 | D:3      | Noticed Terence
   738 | D:3      | Noticed Ijyb
   794 | D:3      | Killed Ijyb
   794 | D:3      | Reached XP level 4. HP: 24/28 MP: 7/7
  1059 | D:3      | Killed Terence
  1082 | D:3      | Reached skill level 5 in Stealth
  1082 | D:3      | Reached XP level 5. HP: 21/33 MP: 8/8
  1210 | D:4      | Noticed Eustachio
  1217 | D:4      | Killed Eustachio
  1217 | D:4      | Reached skill level 6 in Stealth
  1217 | D:4      | Reached skill level 5 in Evocations
  1217 | D:4      | Reached XP level 6. HP: 38/38 MP: 8/10
  1351 | D:5      | Entered Level 5 of the Dungeon
  1368 | D:5      | Found a glowing silver altar of Zin.
  1370 | D:5      | Noticed Menkaure
  1373 | D:5      | Killed Menkaure
  1373 | D:5      | Reached skill level 7 in Stealth
  1373 | D:5      | Reached XP level 7. HP: 15/43 MP: 11/11
  1495 | D:5      | Found a shadowy altar of Dithmenos.
  1584 | D:5      | Got a slimy flail
  1585 | D:5      | Identified the +6 flail "Qaklib" {crush, *Corrode rF+ Stlth+} (You found it on level 5 of the Dungeon)
  1592 | D:5      | Found a sand-covered staircase.
  1596 | Ossuary  | Entered an ossuary
  1596 | Ossuary  | Noticed a wraith
  1596 | Ossuary  | Noticed a wraith
  1596 | Ossuary  | Noticed a wraith
  1785 | Ossuary  | Noticed a wraith
  1839 | Ossuary  | Reached skill level 8 in Stealth
  1883 | Ossuary  | Slain by a wraith

Vault maps used:
D:1:      eino_arrival_cavern_b
D:2:      kennysheep_generic_room_10
D:3:      uniq_terence, uniq_robin, uniq_iyjb
D:4:      nicolae_overflow_hidden_temple, uniq_eustachio
D:5:      kennysheep_mini, lemuel_doored_altar, grunt_temple_overflow_open,
          minmay_temple_entry_mist, first_bread, enter_ossuary_5, uniq_menkaure,
          uniq_pikel
Ossuary:  ossuary_due_mausoleum

Action                   |  1- 3 |  4- 6 |  7- 9 || total
-------------------------+-------+-------+-------++-------
Melee: Short sword       |    41 |    10 |       ||    51
       Unarmed           |    37 |       |       ||    37
       Rapier            |       |     8 |     1 ||     9
       Flail             |       |       |    21 ||    21
Evoke: Wand              |     4 |    16 |    21 ||    41
 Stab: Sleeping          |     7 |     5 |     4 ||    16
  Eat: Chunk             |       |     1 |     1 ||     2
